 Dungeon Crawl Stone Soup version 0.23-a0-359-g9beedce (webtiles) character file.

142 Gorice the Covered (level 5, -6/40 HPs)
             Began as a Gnoll Wanderer on Oct 23, 2018.
             Killed by nerve-wracking pain
             ... invoked by Grinder
              (9 damage)
             ... on level 3 of the Dungeon.
             The game lasted 00:09:52 (1718 turns).

Gorice the Covered (Gnoll Wanderer)                 Turns: 1718, Time: 00:09:53

Health: -6/40      AC: 13    Str: 16    XL:     5   Next: 24%
Magic:  7/7        EV:  6    Int: 15    God:
Gold:   120        SH:  0    Dex: 13    Spells: 6/6 levels left

rFire    . . .     SeeInvis .   b - +0 shortbow
rCold    . . .     Gourm    .   (shield currently unavailable)
rNeg     . . .     Faith    .   p - +0 plate armour
rPois    .         Spirit   .   (no helmet)
rElec    .         Reflect  .   (no cloak)
rCorr    .         Harm     .   (no gloves)
MR       .....                  (no boots)
Stlth    ..........             (no amulet)
HPRegen  0.13/turn              (no ring)
MPRegen  0.10/turn              (no ring)

@: flying, hasted, very quick
A: distributed training, fangs 1, strong nose
a: no special abilities


You were on level 3 of the Dungeon.
You were not hungry.

You visited 1 branch of the dungeon, and saw 3 of its levels.

You collected 120 gold pieces.

Inventory:

Hand Weapons
 a - a +0 hand axe
 b - a +0 shortbow (weapon)
 g - a +0 morningstar
 j - a +0 mace
 s - a +0 hand axe
 B - a +0 blowgun
Missiles
 c - 9 arrows (quivered)
 d - 4 poisoned needles
 e - 18 bolts
 m - 7 tomahawks
 Y - 37 stones
Armour
 i - a +2 scale mail
 p - a +0 plate armour (worn)
Scrolls
 k - a scroll of enchant weapon {unknown}
 l - a scroll of teleportation {!r}
 q - a scroll of blinking
 r - 3 scrolls of fog
 t - a scroll of fear {!r}
Potions
 h - 2 potions of magic {!q}
Comestibles
 f - 5 rations
 u - 3 chunks of flesh


   Skills:
 + Level 2.9 Fighting
 + Level 1.4 Short Blades
 + Level 1.4 Long Blades
 + Level 1.4 Axes
 + Level 1.4 Maces & Flails
 + Level 1.4 Polearms
 + Level 2.9 Staves
 + Level 1.4 Slings
 + Level 4.7 Bows
 + Level 1.4 Crossbows
 + Level 2.9 Throwing
 + Level 6.6 Armour
 + Level 2.9 Dodging
 + Level 2.7 Stealth
 + Level 1.4 Shields
 + Level 1.4 Unarmed Combat
 + Level 1.4 Spellcasting
 + Level 1.1 Conjurations
 + Level 1.1 Hexes
 + Level 1.1 Charms
 + Level 1.1 Summonings
 + Level 1.1 Necromancy
 + Level 1.1 Translocations
 + Level 1.1 Transmutations
 + Level 1.1 Fire Magic
 + Level 1.1 Ice Magic
 + Level 1.1 Air Magic
 + Level 1.1 Earth Magic
 + Level 1.1 Poison Magic
 + Level 1.5 Invocations
 + Level 1.4 Evocations


You had 6 spell levels left.
You didn't know any spells.
Your spell library was empty.

Dungeon Overview and Level Annotations

Branches:
Dungeon (3/15)

Altars:
Nemelex Xobeh
Zin
The Shining One

Annotations:
D:3 Grinder


Innate Abilities, Weirdness & Mutations

Your experience applies equally to all skills.
You have very sharp teeth.
Your uncanny sense of smell can sniff out nearby items.


Message History

Grinder is heavily wounded.
Grinder closely misses you.
Firing (i - inventory. (/) - cycle)
c - 14 arrows (quivered)
Press: ? - help, Shift-Dir - straight line, f/p - Grinder
Aim: Grinder (heavily wounded, poisoned)
You shoot an arrow.
The arrow hits Grinder but does no damage.
Grinder is heavily wounded.
Grinder hits you but does no damage.
Firing (i - inventory. (/) - cycle)
c - 13 arrows (quivered)
Press: ? - help, Shift-Dir - straight line, f/p - Grinder
Aim: Grinder (heavily wounded, poisoned)
You shoot an arrow. The arrow hits Grinder.
Grinder is heavily wounded.
Grinder gestures at you. Pain shoots through your body!
Damage: 2 (max 10) Firing (i - inventory. (/) - cycle)
c - 12 arrows (quivered)
Press: ? - help, Shift-Dir - straight line, f/p - Grinder
Aim: Grinder (heavily wounded, poisoned)
You shoot an arrow. The arrow closely misses Grinder.
Grinder looks more healthy.
Grinder hits you!
* * * LOW HITPOINT WARNING * * *
You writhe in agony.
* * * LOW HITPOINT WARNING * * *
Damage: 13 (max 13) Firing (i - inventory. (/) - cycle)
c - 11 arrows (quivered)
Press: ? - help, Shift-Dir - straight line, f/p - Grinder
Aim: Grinder (heavily wounded)
You shoot an arrow. The arrow hits Grinder.
Grinder is severely wounded.
Grinder hits you.
* * * LOW HITPOINT WARNING * * *
You writhe in agony.
* * * LOW HITPOINT WARNING * * *
Damage: 5 (max 13) Unknown command.
It was a potion of haste.
You feel yourself speed up. Grinder closely misses you.
It was a potion of flight.
You feel very buoyant.
You fly up into the air.
Firing (i - inventory. (/) - cycle)
c - 10 arrows (quivered)
Press: ? - help, Shift-Dir - straight line, f/p - Grinder
Aim: Grinder (severely wounded)
You shoot an arrow. The arrow hits Grinder.
Grinder is almost dead.
Grinder gestures at you. Pain shoots through your body!
You die...

###.## # #..(.##
# #.##.#...####
# ...........(.+
+ #.##.#...####
# #......(##
####..(## ###(#
#@# #+# #5# #.#
#.# #.##### #.#
##.#.... #.#####
##....###
#.#)).## #.....#
#..###.####....#
#..#...........#
#....#.#########


You could see Grinder.

Vanquished Creatures
  An orc wizard (D:3)
  An orc priest (D:3)
  2 adders
  2 oozes
  2 worms (D:2)
  2 leopard geckos
  2 orcs (D:3)
  6 bats
  4 giant cockroaches
  6 goblins
  11 hobgoblins
  2 kobolds (D:1)
  5 rats (D:1)
46 creatures vanquished.

Notes
Turn   | Place    | Note
-------+----------+-------------------------------------------
     0 | D:1      | Gorice the Gnoll Wanderer began the quest for the Orb.
     0 | D:1      | Gorice set off with: a +2 scale mail, a +0 shortbow, 23
                  | arrows, 12 poisoned needles, a +0 blowgun, a ration
     0 | D:1      | Reached XP level 1. HP: 17/17 MP: 1/1
   159 | D:1      | Reached XP level 2. HP: 23/23 MP: 2/2
   337 | D:1      | Reached XP level 3. HP: 25/28 MP: 3/3
   645 | D:1      | Found a sparkling altar of Nemelex Xobeh.
   744 | D:1      | Reached skill level 1 in Invocations
   923 | D:2      | Reached skill level 1 in Short Blades
   923 | D:2      | Reached skill level 1 in Long Blades
   923 | D:2      | Reached skill level 1 in Axes
   923 | D:2      | Reached skill level 1 in Maces & Flails
   923 | D:2      | Reached skill level 1 in Polearms
   923 | D:2      | Reached skill level 1 in Slings
   923 | D:2      | Reached skill level 1 in Crossbows
   923 | D:2      | Reached skill level 1 in Shields
   923 | D:2      | Reached skill level 1 in Unarmed Combat
   923 | D:2      | Reached skill level 1 in Spellcasting
   923 | D:2      | Reached skill level 1 in Evocations
  1113 | D:2      | Reached XP level 4. HP: 33/34 MP: 5/5
  1128 | D:2      | Found a glowing silver altar of Zin.
  1377 | D:2      | Found a glowing golden altar of the Shining One.
  1645 | D:3      | Reached skill level 1 in Conjurations
  1645 | D:3      | Reached skill level 1 in Hexes
  1645 | D:3      | Reached skill level 1 in Charms
  1645 | D:3      | Reached skill level 1 in Summonings
  1645 | D:3      | Reached skill level 1 in Necromancy
  1645 | D:3      | Reached skill level 1 in Translocations
  1645 | D:3      | Reached skill level 1 in Transmutations
  1645 | D:3      | Reached skill level 1 in Fire Magic
  1645 | D:3      | Reached skill level 1 in Ice Magic
  1645 | D:3      | Reached skill level 1 in Air Magic
  1645 | D:3      | Reached skill level 1 in Earth Magic
  1645 | D:3      | Reached skill level 1 in Poison Magic
  1652 | D:3      | Reached XP level 5. HP: 40/40 MP: 5/7
  1684 | D:3      | Noticed Grinder
  1714 | D:3      | HP: 8/40 [Grinder (6)]
  1715 | D:3      | HP: 3/40 [Grinder (4)]
  1718 | D:3      | Killed from afar by Grinder

Vault maps used:
D:1:      eino_arrival_tree_alley, nemelex_altar_shiori
D:2:      zin_academy, nicolae_tso_carved_into_rock, minivault_23
D:3:      uniq_grinder, uniq_sigmund, uniq_jessica

Skill      XL: |  1  2  3  4 |
---------------+-------------+-----
Invocations    | 1 |  1.5
Short Blades   | 1 |  1.4
Long Blades    | 1 |  1.4
Axes           | 1 |  1.4
Maces & Flails | 1 |  1.4
Polearms       | 1 |  1.4
Slings         | 1 |  1.4
Crossbows      | 1 |  1.4
Shields        | 1 |  1.4
Unarmed Combat | 1 |  1.4
Spellcasting   | 1 |  1.4
Evocations     | 1 |  1.4
Conjurations   | 1 |  1.1
Hexes          | 1 |  1.1
Charms         | 1 |  1.1
Summonings     | 1 |  1.1
Necromancy     | 1 |  1.1
Translocations | 1 |  1.1
Transmutations | 1 |  1.1
Fire Magic     | 1 |  1.1
Ice Magic      | 1 |  1.1
Air Magic      | 1 |  1.1
Earth Magic    | 1 |  1.1
Poison Magic   | 1 |  1.1
Fighting       | |  2.9
Staves         | |  2.9
Bows           | |  4.7
Throwing       | |  2.9
Armour         | |  6.6
Dodging        | |  2.9
Stealth        | |  2.7

Action                   |  1- 3 |  4- 6 || total
-------------------------+-------+-------++-------
Melee: Dagger            |    10 |     8 ||    18
       Bite              |     1 |     1 ||     2
 Fire: Shortbow          |    88 |    53 ||   141
       Blowgun           |    11 |    13 ||    24
Throw: Stone             |     1 |       ||     1
  Use: Scroll            |     3 |     2 ||     5
       Potion            |       |     2 ||     2
  Eat: Chunk             |       |     2 ||     2
Armor: Scale mail        |    66 |     3 ||    69
       Plate armour      |       |    16 ||    16
Dodge: Dodged            |    58 |     9 ||    67

Table legend:
 A = Non-vault XP
 B = Vault XP
 C = Vault XP percentage of total XP
 D = Non-vault monster count
 E = Vault monster count
 F = Vault count percentage of total count
                 A         B        C        D         E       F
            +---------+---------+-------+---------+---------+-------
      Total |     203 |       0 |   0.0 |      46 |       0 |   0.0
            +---------+---------+-------+---------+---------+-------
        D:1 |      58 |       0 |   0.0 |      25 |       0 |   0.0
        D:2 |      49 |       0 |   0.0 |      14 |       0 |   0.0
        D:3 |      96 |       0 |   0.0 |       7 |       0 |   0.0
            +---------+---------+-------+---------+---------+-------

Table legend:
 A = Turns spent in this place as a percentage of turns spent in the entire game.
 B = Non-inter-level travel turns spent in this place as a percentage of non-inter-level travel turns spent in the entire game.
 C = Inter-level travel turns spent in this place as a percentage of turns spent in this place.
 D = Turns resting spent in this place as a percentage of non-inter-level travel turns spent in this place.
 E = Turns spent auto-exploring this place as a percentage of non-inter-level travel turns spent in this place.
 F = Non-inter-level travel turns spent in this place divided by the number of levels of this place that you've seen.
                   A       B       C       D       E      F
               +-------+-------+-------+-------+-------+----------------------
         Total | 100.0 | 100.0 |   6.1 |  11.9 |  40.5 | 538.0
       Dungeon | 100.0 | 100.0 |   6.1 |  11.9 |  40.5 | 538.0
               +-------+-------+-------+-------+-------+----------------------

Vault maps used:
D:1:      eino_arrival_tree_alley, nemelex_altar_shiori
D:2:      zin_academy, nicolae_tso_carved_into_rock, minivault_23
D:3:      uniq_grinder, uniq_sigmund, uniq_jessica
